[Event "Team 45 45 League T53"]
[Site "Internet Chess Club"]
[Date "2012.06.17"]
[Round "5"]
[White "johnnyw"]
[Black "Macovitski"]
[Result "0-1"]
[WhiteElo "1032"]
[BlackElo "1101"]
[Opening "Caro-Kann: advance variation"]
[ECO "B12"]
[Time "09:00:27"]
[TimeControl "2700+45"]

1. e4 c6 2. d4 d5 3. e5 Bf5 4. Nc3 e6 5. Nf3 c5 6. Bb5+ Nc6 7. b3 cxd4 8. Nxd4
Qa5 9. Bd2 Bb4 10. Qf3 Ne7 11. O-O O-O 12. Bd3 Nxd4 13. Qf4 Bxd3 14. Qxd4 Bxf1
15. Kxf1 Rac8 16. Nb1 Bxd2 17. Nxd2 Rxc2 18. a4 Rxd2 19. b4 Qa6+ 20. b5 Rxd4 21.
bxa6 bxa6 {White resigns} 0-1

[Event "Team 45 45 League T53"]
[Site "Internet Chess Club"]
[Date "2012.06.16"]
[Round "5"]
[White "GideonL"]
[Black "ethan0627"]
[Result "1-0"]
[WhiteElo "1279"]
[BlackElo "1295"]
[Opening "Four knights: Italian variation"]
[ECO "C47"]
[Time "11:00:36"]
[TimeControl "2700+45"]

1. e4 e5 2. Nf3 Nc6 3. Nc3 Nf6 4. Bc4 Nxe4 5. Nxe4 d5 6. Bxd5 Qxd5 7. d3 Nd4 8.
Nxd4 Qxd4 9. c3 Qd5 10. Be3 Bf5 11. f3 Be7 12. Qc2 O-O 13. O-O a6 14. c4 Qd7 15.
Rad1 Rad8 16. Rd2 Rfe8 17. Rfd1 Bb4 18. Re2 Re6 19. Kf2 b6 20. a3 Be7 21. Red2
c5 22. b3 h6 23. Ke2 Bg6 24. g3 f5 25. Nf2 f4 26. Bxf4 exf4+ 27. Kf1 fxg3 28.
hxg3 Re3 29. Kg2 Rf8 30. f4 Qb7+ 31. Kg1 Rxg3+ 32. Kf1 Qg2+ 33. Ke1 Rf3 34. Re2
Qg1+ 35. Kd2 Rxf2 36. Rxg1 R2xf4 {Black resigns} 1-0

[Event "Team 45 45 League T53"]
[Site "Internet Chess Club"]
[Date "2012.06.15"]
[Round "5"]
[White "Goldenberg"]
[Black "rgadoury"]
[Result "1/2-1/2"]
[WhiteElo "1497"]
[BlackElo "1233"]
[Opening "Bishop's opening: Berlin defense"]
[ECO "C24"]
[Time "19:00:38"]
[TimeControl "2700+45"]

1. e4 e5 2. Bc4 Nf6 3. d3 Bc5 4. Nc3 Nc6 5. f4 exf4 6. Bxf4 O-O 7. Nf3 d6 8. Na4
Bb6 9. Nxb6 axb6 10. O-O Bg4 11. h3 Bxf3 12. Qxf3 Nd4 13. Qf2 c5 14. c3 Ne6 15.
Bxe6 fxe6 16. Qf3 Nd7 17. Qg3 Rf6 18. Bg5 Rg6 19. Bxd8 Rxg3 20. Bh4 Rxd3 21. Rf3
Ne5 22. Rxd3 Nxd3 23. b3 d5 24. exd5 exd5 25. Rd1 c4 26. b4 Rxa2 27. Bd8 b5 28.
Bg5 h6 29. Be3 Re2 30. Bd2 Re6 31. Ra1 Ra6 32. Rf1 Ra2 33. Rd1 Kf7 34. Rf1+ Ke7
35. Be3 Ke8 36. Bd4 g6 37. Rf6 Ra6 38. Rf1 g5 39. Kh2 Nf4 40. Re1+ Kf7 41. Re5
Rd6 42. Bc5 Re6 43. Rf5+ Rf6 44. Re5 Re6 45. Rf5+ Rf6 46. Re5 Re6 {Game drawn by
repetition} 1/2-1/2

[Event "Team 45 45 League T53"]
[Site "Internet Chess Club"]
[Date "2012.06.16"]
[Round "5"]
[White "tamky70"]
[Black "vjbaker"]
[Result "0-1"]
[WhiteElo "1412"]
[BlackElo "1311"]
[Opening "Giuoco Piano"]
[ECO "C50"]
[Time "19:00:47"]
[TimeControl "2700+45"]

1. e4 e5 2. Nf3 Bc5 3. Bc4 Nc6 4. O-O d6 5. c3 Bg4 6. d3 Qd7 7. Nbd2 f6 8. Nb3
Bb6 9. Be3 g5 10. Nc1 h5 11. a4 h4 12. d4 Nh6 13. Be2 Nf7 14. Ne1 Bxe2 15. Qxe2
g4 16. f4 exd4 17. cxd4 Nxd4 18. Bxd4 Bxd4+ 19. Kh1 O-O-O 20. Ned3 a6 21. Nb3
Ba7 22. Nb4 Rde8 23. Na5 Nd8 24. Nxa6 bxa6 25. Qxa6+ Kb8 26. Rac1 Rxe4 27. b3
Rhe8 28. Rfd1 g3 29. h3 f5 30. Rf1 Rb4 31. Rf3 Rb6 32. Qc4 Qe7 33. Rff1 c5 34.
Qd5 Qe4 35. Qf7 Nxf7 {White resigns} 0-1

[Event "Team 45 45 League T53"]
[Site "Internet Chess Club"]
[Date "2012.06.16"]
[Round "5"]
[White "mc9999"]
[Black "theartist"]
[Result "1-0"]
[WhiteElo "1184"]
[BlackElo "1180"]
[Opening "French: advance, Paulsen attack"]
[ECO "C02"]
[Time "13:42:17"]
[TimeControl "2700+45"]

1. e4 e6 2. d4 d5 3. e5 c5 4. c3 Nc6 5. Nf3 Qb6 6. Be3 Qxb2 7. Nbd2 Qxc3 8. Rc1
Qa5 9. a4 c4 10. Be2 Bb4 11. O-O Nge7 12. Ng5 Nf5 13. Ndf3 h6 14. Nh3 Nxe3 15.
fxe3 b5 16. axb5 Qxb5 17. Qc2 a5 18. e4 Qb6 19. Rfd1 Ne7 20. Nf4 O-O 21. Nh5 Ng6
22. Rb1 Qa6 23. Rb2 Rb8 24. exd5 exd5 25. h3 Be6 26. Rdb1 Qc8 27. Ng3 Nf4 28.
Bf1 Qd7 29. Kh2 Rfc8 30. Nh4 Qe7 31. Ngf5 Qg5 32. g3 Ng6 33. Bg2 Nxh4 34. Nxh4
Qe3 35. Nf5 Qd3 36. Qxd3 cxd3 37. Ne7+ Bxe7 38. Rxb8 Bb4 39. Rxc8+ Bxc8 40. Bxd5
Bf5 41. g4 Bg6 42. Rc1 d2 43. Rc8+ Kh7 44. Bb3 Be4 45. Kg3 Bg6 46. d5 f6 47. d6
Bf7 48. Bc2+ g6 49. d7 Be7 50. Re8 Bd8 51. Rxd8 Be6 52. Rh8+ Kxh8 53. d8=Q+ Kg7
54. Qe7+ Kg8 55. Qxe6+ {Black resigns} 1-0

[Event "Team 45 45 League T53"]
[Site "Internet Chess Club"]
[Date "2012.06.16"]
[Round "5"]
[White "Check101"]
[Black "otib2006"]
[Result "1-0"]
[WhiteElo "1505"]
[BlackElo "1337"]
[Opening "Sicilian: Alapin's variation (2.c3)"]
[ECO "B22"]
[Time "11:03:34"]
[TimeControl "2700+45"]

1. e4 c5 2. c3 e6 3. d4 cxd4 4. cxd4 Nf6 5. Nc3 Bb4 6. Bd3 Nc6 7. Nf3 Qa5 8. Qc2
b6 9. a3 Bxc3+ 10. bxc3 Ba6 11. O-O Bxd3 12. Qxd3 O-O 13. e5 Nd5 14. Ng5 g6 15.
Ne4 f5 16. exf6 Nxf6 17. Bh6 Rf7 18. Ng5 Re7 19. Qf3 Qf5 20. Qxf5 exf5 21. Rfe1
Ng4 22. Nxh7 Kxh7 23. Bg5 Rxe1+ 24. Rxe1 Nh6 25. d5 Nf7 26. dxc6 dxc6 27. Re7
Kg7 28. f4 Kf8 29. Bf6 Re8 30. Rxa7 Re1+ 31. Kf2 Re6 32. Ra8+ Re8 33. Bg7+ Ke7
34. Ra7+ Ke6 35. Rc7 Nd8 36. h3 Re7 37. Rxe7+ Kxe7 38. Be5 Ne6 39. g4 Nc5 40.
Bd4 Ne4+ 41. Ke3 c5 42. Be5 Nd6 43. a4 Nc4+ 44. Kd3 Nxe5+ 45. fxe5 Ke6 46. gxf5+
Kxf5 47. Kc4 Kxe5 48. Kb5 Kd5 49. Kxb6 Kc4 50. a5 Kxc3 51. Kxc5 {Black resigns}
1-0

[Event "Team 45 45 League T53"]
[Site "Internet Chess Club"]
[Date "2012.06.17"]
[Round "5"]
[White "malihini"]
[Black "Iowa-Archer"]
[Result "0-1"]
[WhiteElo "1266"]
[BlackElo "1409"]
[Opening "Sicilian defense"]
[ECO "B20"]
[Time "20:00:28"]
[TimeControl "2700+45"]

1. e4 c5 2. d3 d6 3. c3 Nd7 4. Be2 Ngf6 5. Bg5 b5 6. a3 Bb7 7. Nf3 e6 8. O-O Be7
9. Nbd2 O-O 10. c4 bxc4 11. Nxc4 Nb6 12. Na5 Rb8 13. Nxb7 Rxb7 14. d4 Nxe4 15.
Bxe7 Qxe7 16. dxc5 Nxc5 17. Nd4 Nd5 18. b4 Nc3 19. Qc2 Nxe2+ 20. Qxe2 Qf6 21.
Nc6 Nb3 22. Qa6 Rb6 23. Qxa7 Rxc6 24. Qa4 Nd4 25. b5 Qf4 26. Ra2 Ne2+ {White
resigns} 0-1

[Event "Team 45 45 League T53"]
[Site "Internet Chess Club"]
[Date "2012.06.19"]
[Round "5"]
[White "artspir"]
[Black "CoasterBrake"]
[Result "0-1"]
[WhiteElo "1166"]
[BlackElo "1165"]
[Opening "Queen's pawn game"]
[ECO "D02"]
[Time "10:08:34"]
[TimeControl "2700+45"]

1. d4 d5 2. Nf3 c6 3. Bg5 Bg4 4. h3 Bxf3 5. gxf3 h6 6. Bh4 Qb6 7. b3 Nd7 8. e3
e5 9. Nc3 Be7 10. Bg3 exd4 11. exd4 Ngf6 12. h4 O-O 13. Bh3 Bb4 14. Qd2 Rfe8+
15. Kf1 c5 16. a3 cxd4 17. axb4 dxc3 18. Qxc3 Rac8 19. Qb2 Qb5+ 20. Kg2 a6 21.
c3 Re2 22. Qc1 Qd3 23. Rd1 Qxc3 24. Qxc3 Rxc3 25. Bxd7 Nxd7 26. Rxd5 Nf6 27.
Rd8+ Kh7 28. Rad1 Rxb3 29. Rf8 Kg6 30. Rh8 Rxb4 31. Rh1 h5 32. Kf1 Re8 33. Rxe8
Nxe8 34. Rg1 Rb1+ 35. Kg2 Rxg1+ 36. Kxg1 Kf6 37. Kf1 Ke6 38. Ke1 Kd5 39. Kd1 Kc4
40. Kc2 b5 41. Be5 Nf6 42. f4 b4 43. f5 a5 44. Bd6 Ne4 45. Be5 g6 46. fxg6 fxg6
47. Bb2 Nxf2 48. Kb1 Ne4 49. Ka2 a4 50. Be5 g5 51. hxg5 Nxg5 52. Bb2 Nf3 53. Bf6
h4 54. Bb2 h3 55. Bc1 h2 56. Bb2 h1=Q 57. Bc1 Nd4 58. Bb2 a3 59. Bxd4 Qg2+ 60.
Kb1 Kxd4 61. Kc1 Kc3 {White resigns} 0-1

[Event "Team 45 45 League T53"]
[Site "Internet Chess Club"]
[Date "2012.06.17"]
[Round "5"]
[White "WzeroMN"]
[Black "RobertBuice"]
[Result "1-0"]
[WhiteElo "1045"]
[BlackElo "1008"]
[Opening "Ruy Lopez: Berlin defense"]
[ECO "C65"]
[Time "19:30:10"]
[TimeControl "2700+45"]

1. e4 e5 2. Nf3 Nc6 3. Bb5 Nf6 4. d3 Bb4+ 5. Bd2 O-O 6. Bxc6 Qe7 7. Ba4 d5 8.
O-O c6 9. Bxb4 Qxb4 10. Bb3 dxe4 11. dxe4 Bg4 12. Qe1 Qd6 13. Nc3 b5 14. Qe3
Rfd8 15. Rad1 Qc7 16. Rxd8+ Rxd8 17. Rd1 b4 18. Rxd8+ Qxd8 19. Na4 a5 20. c3 Be6
21. Qd2 Qb6 22. Nxb6 {Black resigns} 1-0

[Event "Team 45 45 League T53"]
[Site "Internet Chess Club"]
[Date "2012.06.17"]
[Round "5"]
[White "vaknight"]
[Black "jantonio"]
[Result "1-0"]
[WhiteElo "1714"]
[BlackElo "1582"]
[Opening "Bird's opening"]
[ECO "A02"]
[Time "18:03:53"]
[TimeControl "2700+45"]

1. f4 Nc6 2. Nf3 Nf6 3. e3 g6 4. b3 Bg7 5. Bb2 O-O 6. Be2 d6 7. Na3 Bg4 8. O-O
Nd7 9. Bxg7 Kxg7 10. h3 Bf5 11. Nh4 Be4 12. d3 e5 13. Qe1 Bd5 14. e4 Bxe4 15.
dxe4 exf4 16. Rxf4 Nde5 17. Nc4 Nd4 18. Bd3 Qg5 19. Qf2 Qxf4 20. Qxf4 Nxd3 21.
Qd2 Nf4 22. Qxd4+ Kg8 23. Qf2 Ne6 24. Qf6 Ng7 25. Ne3 Nh5 26. Qc3 Rac8 27. Nd5
Rfe8 28. g4 c6 29. Nf6+ Nxf6 30. Qxf6 Re6 31. Qf4 Rce8 32. Re1 Re5 33. Nf3
{Black resigns} 1-0

[Event "Team 45 45 League T53"]
[Site "Internet Chess Club"]
[Date "2012.06.19"]
[Round "5"]
[White "gandre"]
[Black "Kristian1974"]
[Result "1-0"]
[WhiteElo "1812"]
[BlackElo "1621"]
[Opening "Dutch"]
[ECO "A80"]
[Time "15:08:06"]
[TimeControl "2700+45"]

1. d4 f5 2. Bf4 Nf6 3. Nf3 g6 4. e3 Bg7 5. Bc4 Nc6 6. h3 e6 7. Nc3 O-O 8. Qe2
Kh8 9. O-O-O d5 10. Bb5 a6 11. Bxc6 bxc6 12. Na4 Ne4 13. Ne5 a5 14. f3 Nd6 15.
Nc5 Bb7 16. Nxe6 Ba6 17. Qf2 Qb8 18. Nxf8 Qxf8 19. Nd7 Qe8 20. Nc5 Bc4 21. Kb1
a4 22. h4 a3 23. b3 Qb8 24. h5 Qb4 25. Qd2 Qxd2 26. Rxd2 Nb5 27. hxg6 Nc3+ 28.
Ka1 Rb8 29. Rxh7+ Kg8 30. Ne6 Bh8 31. Rxc7 Re8 32. g7 Rxe6 33. gxh8=Q+ Kxh8 34.
bxc4 dxc4 35. g4 Re8 36. Be5+ Kg8 37. Rh2 {Black resigns} 1-0

[Event "Team 45 45 League T53"]
[Site "Internet Chess Club"]
[Date "2012.06.14"]
[Round "5"]
[White "SeniorCitizen"]
[Black "eagle"]
[Result "0-1"]
[WhiteElo "1348"]
[BlackElo "1521"]
[Opening "French: exchange variation"]
[ECO "C01"]
[Time "16:37:33"]
[TimeControl "2700+45"]

1. e4 e6 2. d4 d5 3. exd5 exd5 4. g3 Nf6 5. Bg2 Be7 6. Nc3 O-O 7. Nf3 Bg4 8. O-O
Nc6 9. Be3 Ne4 10. Qc1 Nxc3 11. bxc3 Qd7 12. Ne5 Nxe5 13. dxe5 c6 14. f3 Bf5 15.
Rd1 Qe6 16. f4 f6 17. exf6 Bxf6 18. Bd4 Qe2 19. Rd2 Bxd4+ 20. cxd4 Qe3+ 21. Kh1
Rf7 22. Qe1 Qc3 23. Rc1 Raf8 24. Qf2 Re8 25. Re2 Rxe2 26. Qxe2 Qxd4 27. Qe8+ Rf8
28. Qe7 Qb2 29. Re1 h6 30. h3 Bxc2 31. Qe6+ Kh7 32. Re2 Qxa2 33. Qe7 Qb1+ 34.
Kh2 Rg8 35. Re5 a5 36. Qe6 a4 37. f5 a3 38. f6 a2 39. Be4+ Bxe4 40. Rxe4 {White
resigns} 0-1

[Event "Team 45 45 League T53"]
[Site "Internet Chess Club"]
[Date "2012.06.18"]
[Round "5"]
[White "satya1987"]
[Black "Cicero"]
[Result "0-1"]
[WhiteElo "1416"]
[BlackElo "1358"]
[Opening "Queen's pawn game"]
[ECO "A46"]
[Time "15:00:16"]
[TimeControl "2700+45"]

1. d4 Nf6 2. Nf3 d6 3. Bf4 g6 4. e3 Bg7 5. Be2 Nh5 6. Bg5 Nf6 7. h3 O-O 8. O-O
Nc6 9. c4 e5 10. Nc3 Qd7 11. Rc1 e4 12. Nd2 Re8 13. Bxf6 Bxf6 14. Ndxe4 Bg7 15.
Bd3 b6 16. Nd5 Qd8 17. Qf3 f5 18. Nef6+ Bxf6 19. Nxf6+ Qxf6 20. Qxc6 Be6 21.
Qxc7 Qg5 22. Qxd6 Rad8 23. Qg3 Qf6 24. Rc2 Re7 25. Qf3 Rg7 26. Re1 Rf8 27. d5
Bc8 28. Rd1 Kh8 29. e4 Qe7 30. Re1 Qh4 31. e5 g5 32. e6 g4 33. hxg4 Rxg4 34.
Bxf5 Rfg8 35. Bxg4 Rxg4 36. Qf8+ Rg8 37. e7 Bd7 38. Qf7 Be8 39. Qf3 Qg5 40. Rce2
Bh5 41. Qe3 Qxg2# {White checkmated} 0-1

[Event "Team 45 45 League T53"]
[Site "Internet Chess Club"]
[Date "2012.06.17"]
[Round "5"]
[White "jhbchess"]
[Black "JWB"]
[Result "1-0"]
[WhiteElo "1705"]
[BlackElo "1653"]
[Opening "Sicilian defense"]
[ECO "B30"]
[Time "14:00:27"]
[TimeControl "2700+45"]

1. e4 c5 2. Nf3 Nc6 3. Bc4 d6 4. d4 cxd4 5. Bxf7+ Kxf7 6. Nxd4 Nxd4 7. Qxd4 Nf6
8. O-O Qc7 9. Nc3 e5 10. Qd3 a6 11. Bg5 Be7 12. f4 Be6 13. fxe5 dxe5 14. Nd5
Bxd5 15. exd5 Rad8 16. Kh1 h6 17. Bxf6 Bxf6 18. Rad1 Rd6 19. b3 Rhd8 20. c4 Kg8
21. a4 Qc5 22. Qe4 b5 23. axb5 axb5 24. Rc1 bxc4 25. bxc4 Qd4 26. Qc2 Qc5 27.
Qe4 Rc8 28. Rfd1 Rb8 29. h4 Rb3 30. h5 Re3 31. Qg6 Rd8 32. d6 Re2 33. d7 Qe7 34.
Qd3 Rb2 35. c5 e4 36. Qd5+ Kh8 37. Qd6 Qf7 38. Qd5 Qe7 39. c6 Be5 40. Qxe4 Qg5
41. Qf3 Bc7 42. Re1 Kh7 43. Qd3+ Kg8 44. Re8+ Kf7 45. Qc4+ Kf6 46. Rf1+ Bf4 47.
Qe6# {Black checkmated} 1-0

[Event "Team 45 45 League T53"]
[Site "Internet Chess Club"]
[Date "2012.06.17"]
[Round "5"]
[White "Frankly"]
[Black "fireball"]
[Result "1-0"]
[WhiteElo "1790"]
[BlackElo "1718"]
[Opening "Budapest: Adler variation"]
[ECO "A52"]
[Time "16:00:05"]
[TimeControl "2700+45"]

1. d4 Nf6 2. c4 e5 3. dxe5 Ng4 4. Nf3 Bc5 5. e3 Nc6 6. Nc3 Ngxe5 7. Be2 d6 8.
O-O O-O 9. a3 a5 10. Na4 Ba7 11. Nd4 Bd7 12. b3 Qf6 13. Bb2 Nxd4 14. exd4 Ng6
15. d5 Qg5 16. Kh1 Bxa4 17. bxa4 Bc5 18. Rb1 b6 19. g3 Rae8 20. f4 Qe7 21. Bd3
f5 22. Qc2 Qd7 23. Rfe1 Rxe1+ 24. Rxe1 Ne7 25. Re6 c6 26. Qe2 Rf7 27. g4 cxd5
28. cxd5 Nxd5 29. Bc4 Qc6 30. Qg2 Nxf4 31. Qxc6 Nxe6 32. Bxe6 Kf8 33. Bxf7 Kxf7
34. Qd7+ {Black resigns} 1-0

[Event "Team 45 45 League T53"]
[Site "Internet Chess Club"]
[Date "2012.06.16"]
[Round "5"]
[White "PawnPusher3"]
[Black "julesraider"]
[Result "1-0"]
[WhiteElo "1605"]
[BlackElo "1587"]
[Opening "French: Albin-Alekhine-Châtard attack"]
[ECO "C13"]
[Time "13:01:01"]
[TimeControl "2700+45"]

1. e4 e6 2. d4 d5 3. Nc3 Nf6 4. Bg5 Be7 5. e5 Nfd7 6. h4 Bxg5 7. hxg5 Qxg5 8.
Nh3 Qe7 9. Nf4 Nc6 10. Qg4 g6 11. O-O-O Nb6 12. Bb5 Bd7 13. Rh6 O-O-O 14. Bxc6
Bxc6 15. Rdh1 Nc4 16. a3 Nxa3 17. bxa3 Qxa3+ 18. Kd2 Qb4 19. Nd3 Qa5 20. Qd1 Qb6
21. Nc5 Qb4 22. R6h4 b6 23. Nd3 Qe7 24. Qg4 h5 25. Qg3 a5 26. Rb1 g5 27. Rhh1 f5
28. exf6 Qxf6 29. Qe5 Qg6 30. Rhe1 Rhe8 31. Nb5 Bxb5 32. Rxb5 Rd7 33. Qe3 Rf7
34. Ne5 Qf5 35. Nxf7 Qxf7 36. Rxd5 exd5 37. Qxe8+ Qxe8 38. Rxe8+ Kb7 39. Rg8 a4
40. Rxg5 c6 41. Rxh5 a3 42. Kc3 Ka6 43. Kb3 b5 44. Kxa3 Ka5 45. c3 b4+ 46. cxb4+
Kb5 47. Kb3 {Black resigns} 1-0

[Event "Team 45 45 League T53"]
[Site "Internet Chess Club"]
[Date "2012.06.17"]
[Round "5"]
[White "nidusin2"]
[Black "rayngrant"]
[Result "1-0"]
[WhiteElo "1653"]
[BlackElo "1568"]
[Opening "French: Winawer, classical variation"]
[ECO "C18"]
[Time "07:09:57"]
[TimeControl "2700+45"]

1. e4 e6 2. d4 d5 3. Nc3 Bb4 4. e5 c5 5. a3 Bxc3+ 6. bxc3 Qc7 7. f4 cxd4 8. Qxd4
Nc6 9. Qe3 Nge7 10. Bd3 Nf5 11. Bxf5 exf5 12. Ne2 Be6 13. O-O O-O 14. a4 Na5 15.
Nd4 Nc4 16. Qd3 Rac8 17. Nxf5 Bxf5 18. Qxf5 Qc5+ 19. Kh1 Ne3 20. Bxe3 Qxe3 21.
Rf3 Qe4 22. Qxe4 dxe4 23. Re3 Rc4 24. g3 Rfc8 25. Rb1 b6 26. Rb4 Rxb4 27. cxb4
Rc4 28. c3 a5 29. Kg2 axb4 30. cxb4 Rxb4 31. Ra3 Kf8 32. g4 Rd4 33. Kf2 Ke7 34.
Ke3 Rb4 35. f5 g6 36. a5 bxa5 37. Rxa5 gxf5 38. gxf5 h5 39. h4 Rc4 40. Ra7+ Ke8
41. f6 Rb4 42. Ra6 Rc4 43. Rd6 Rb4 44. Rd4 Rb3+ 45. Kxe4 Rg3 46. Kf5 Re3 47. Kf4
Rh3 48. Kg5 Re3 49. Rd5 {Black resigns} 1-0

[Event "Team 45 45 League T53"]
[Site "Internet Chess Club"]
[Date "2012.06.18"]
[Round "5"]
[White "kidcobra"]
[Black "Nathan-L"]
[Result "1/2-1/2"]
[WhiteElo "1710"]
[BlackElo "1699"]
[Opening "French: exchange variation"]
[ECO "C01"]
[Time "16:30:35"]
[TimeControl "2700+45"]

1. e4 e6 2. d4 d5 3. exd5 exd5 4. Nf3 Nf6 5. Bg5 Be7 6. Be2 O-O 7. O-O h6 8. Bh4
Bf5 9. Nc3 Nc6 10. Ne5 Nxe5 11. dxe5 Nd7 12. Bxe7 Qxe7 13. Nxd5 Qxe5 14. Nc3 Nc5
15. Rc1 Rad8 16. Qe1 Rfe8 17. Bf3 Qxe1 18. Rcxe1 Bxc2 19. Rxe8+ Rxe8 20. h3 c6
21. Rc1 Bf5 22. Be2 Bd3 23. Bxd3 Nxd3 24. Rd1 Nxb2 25. Rb1 Nc4 26. Rxb7 a5 27.
Rb1 Rd8 28. Rc1 Nb2 29. Rb1 Rd3 30. Rc1 Rd2 31. Ne4 Rd1+ 32. Rxd1 Nxd1 33. Kf1
f5 34. Nd6 g6 35. Nc4 a4 36. Ne5 Kg7 37. Nxc6 Nc3 38. Nb4 Kf6 39. Ke1 Ke5 40.
Kd2 Ne4+ 41. Ke3 f4+ 42. Ke2 Nc3+ 43. Kd3 Nd1 44. Ke2 Nc3+ 45. Kd3 Nd1 46. Ke2
Nc3+ {Game drawn by repetition} 1/2-1/2

[Event "Team 45 45 League T53"]
[Site "Internet Chess Club"]
[Date "2012.06.18"]
[Round "5"]
[White "Manch"]
[Black "RD1974"]
[Result "1-0"]
[WhiteElo "1633"]
[BlackElo "1611"]
[Opening "Benko's opening"]
[ECO "A00"]
[Time "15:00:21"]
[TimeControl "2700+45"]

1. g3 d5 2. c4 d4 3. d3 e5 4. a3 Bd7 5. Bg2 Bc6 6. Nf3 e4 7. dxe4 Bxe4 8. O-O c5
9. e3 d3 10. Nc3 Bc6 11. e4 Be7 12. Ne5 Nf6 13. Nxd3 O-O 14. Re1 Nbd7 15. e5
Bxg2 16. exf6 Bxf6 17. Kxg2 Qc8 18. Nd5 Qc6 19. Kg1 Kh8 20. Nxf6 Qxf6 21. Qc2
Rad8 22. Bf4 b6 23. Rad1 Qf5 24. Qc3 Nf6 25. Ne5 Rxd1 26. Rxd1 Qh5 27. Qf3 Qf5
28. Nxf7+ Kg8 29. Ne5 Qc2 30. Rd2 Qb1+ 31. Kg2 Qf5 32. h4 Re8 33. g4 Qc8 34. g5
Qf5 35. gxf6 Rxe5 36. Bxe5 Qxe5 37. f7+ Kf8 38. Rd8+ {Black resigns} 1-0

[Event "Team 45 45 League T53"]
[Site "Internet Chess Club"]
[Date "2012.06.16"]
[Round "5"]
[White "chesskix"]
[Black "mongmong"]
[Result "0-1"]
[WhiteElo "1480"]
[BlackElo "1714"]
[Opening "English opening"]
[ECO "A17"]
[Time "19:00:29"]
[TimeControl "2700+45"]

1. c4 e6 2. Nc3 Nf6 3. a3 d5 4. cxd5 exd5 5. d4 Be7 6. g3 c6 7. Bg2 Bf5 8. Nf3
h6 9. O-O O-O 10. Nh4 Bh7 11. Bh1 Nbd7 12. Ng2 Nb6 13. Ne3 Nc8 14. Nc2 Nd6 15.
Nb4 Nde4 16. Nd3 Nxc3 17. bxc3 Ne4 18. Bxe4 Bxe4 19. f3 Bxd3 20. exd3 Bd6 21. f4
Qd7 22. Kg2 b5 23. Qh5 f5 24. Bd2 Qf7 25. Qf3 Rfe8 26. h4 Re6 27. h5 Rae8 28.
Rf2 R6e7 29. Kf1 a6 30. Rh2 c5 31. dxc5 Bxc5 32. d4 Bd6 33. Rf2 Re4 34. Rh2 Qc7
35. Rf2 Qc4+ 36. Kg2 Re2 37. Bc1 a5 38. Bb2 R8e3 39. Rxe2 Qxe2+ 40. Qf2 Re4 41.
Rh1 b4 42. axb4 axb4 43. Rh3 bxc3 44. Bxc3 Qc4 45. Qf3 Qa2+ 46. Kf1 Qb1+ 47. Kf2
Bb4 48. Bxb4 Qxb4 49. Qd1 Qxd4+ 50. Qxd4 Rxd4 51. Rh1 Kf7 52. Ke3 Re4+ 53. Kd3
d4 54. g4 Rxf4 55. gxf5 Kf6 56. Rg1 Rxf5 57. Kxd4 Rxh5 58. Rf1+ Rf5 59. Re1 g6
60. Ra1 h5 61. Ra6+ Kg5 62. Ke4 h4 63. Ra8 Kg4 64. Rg8 g5 65. Rh8 Rf4+ 66. Ke3
h3 67. Ke2 Kg3 68. Rh5 g4 69. Ke3 Rf3+ 70. Ke2 h2 71. Ke1 Kg2 72. Rg5 g3 73. Rh5
h1=Q+ 74. Rxh1 Kxh1 75. Ke2 Rf8 {White resigns} 0-1

[Event "Team 45 45 League T53"]
[Site "Internet Chess Club"]
[Date "2012.06.18"]
[Round "5"]
[White "ChessMaine"]
[Black "bowwrestler"]
[Result "1-0"]
[WhiteElo "1479"]
[BlackElo "1215"]
[Opening "Queen's Indian defense"]
[ECO "A47"]
[Time "14:02:07"]
[TimeControl "2700+45"]

1. d4 Nf6 2. Nf3 b6 3. e3 Bb7 4. Nbd2 e6 5. Bd3 d5 6. Ne5 Ne4 7. O-O Bd6 8. f4
O-O 9. Qf3 f6 10. Ng4 Nc6 11. Nxe4 dxe4 12. Qxe4 Qd7 13. Qxh7+ Kf7 14. Bg6+ Ke7
15. Qxg7+ Kd8 16. Qxd7+ Kxd7 17. Bd2 e5 18. fxe5 fxe5 19. Rxf8 Rxf8 20. Be4 exd4
21. exd4 Ba6 22. Bd3 Bxd3 23. cxd3 Nxd4 24. Re1 Bc5 25. Kh1 Nc2 26. Rc1 Nd4 27.
b4 Ne2 28. Re1 Bxb4 29. Bxb4 Rf4 30. Ne5+ Kc8 31. Nf3 Rxb4 32. Rxe2 Rb1+ 33. Re1
Rb2 34. h4 Rxa2 35. h5 Ra5 36. Re5 Ra1+ 37. Kh2 Ra4 38. h6 Rf4 39. Re8+ Kb7 40.
h7 a5 41. h8=Q a4 42. Rb8+ Kc6 43. Qh6+ Kc5 44. Qxf4 a3 45. Qc4+ Kd6 46. Rd8+
Ke7 47. Qxc7+ Ke6 48. Qd6+ Kf5 49. Rf8+ Kg4 50. Qf4+ Kh5 51. Qg5# {Black
checkmated} 1-0

[Event "Team 45 45 League T53"]
[Site "Internet Chess Club"]
[Date "2012.06.19"]
[Round "5"]
[White "Dracoac"]
[Black "SugarIslander"]
[Result "1-0"]
[WhiteElo "1804"]
[BlackElo "1611"]
[Opening "Queen's pawn game, Darooha variation "]
[ECO "D11"]
[Time "18:16:37"]
[TimeControl "2700+45"]

1. d4 d5 2. Nf3 Nf6 3. c4 c6 4. Qc2 dxc4 5. Qxc4 Bg4 6. Ne5 Be6 7. Qc2 Qxd4 8.
Nf3 Qd8 9. Nc3 Nbd7 10. g3 g6 11. Bg2 Bg7 12. Bf4 Nd5 13. Nxd5 Bxd5 14. O-O Qb6
15. e4 Be6 16. Ng5 O-O 17. Nxe6 fxe6 18. Rfd1 Bd4 19. Bh3 Rf6 20. Rxd4 Qxd4 21.
Rd1 Qc5 22. Qb3 Nb6 23. e5 Rff8 24. Qxe6+ Kh8 25. Rc1 Qb4 26. Bh6 Qxb2 27. Rf1
Nd5 28. Bg2 Rf5 29. Bxd5 Rxe5 30. Qf7 Rxd5 31. Qxe7 Rf5 32. g4 Rf3 33. Kg2 Raf8
34. Bxf8 Qf6 35. Qg7+ Qxg7 36. Bxg7+ Kxg7 37. Kxf3 Kf6 38. h4 Ke5 39. Ke3 Kd5
40. f4 c5 41. f5 gxf5 42. gxf5 c4 43. f6 c3 44. f7 {Black resigns} 1-0

[Event "Team 45 45 League T53"]
[Site "Internet Chess Club"]
[Date "2012.06.16"]
[Round "5"]
[White "rom1"]
[Black "ElMarginal"]
[Result "1-0"]
[WhiteElo "1597"]
[BlackElo "1515"]
[Opening "QGD: exchange variation"]
[ECO "D35"]
[Time "13:20:37"]
[TimeControl "2700+45"]

1. d4 Nf6 2. c4 d5 3. Nc3 e6 4. cxd5 Nxd5 5. e4 Nxc3 6. bxc3 Be7 7. Nf3 Nd7 8.
Be2 c6 9. O-O O-O 10. h3 Nf6 11. Bg5 Nxe4 12. Bxe7 Qxe7 13. Qc2 Nd6 14. Bd3 g6
15. Rae1 Qf6 16. Ne5 Nf5 17. Qd2 Ne7 18. Ng4 Qg7 19. Qg5 Nd5 20. c4 Qxd4 21.
Bxg6 hxg6 22. cxd5 exd5 23. Nf6+ Kg7 24. Nh5+ Kh7 25. Nf6+ Kg7 26. Ne8+ Kh8 27.
Re5 Kh7 28. Qf6 Rxe8 29. Qxf7+ Kh6 30. Rxe8 Qg7 31. Qf8 Qxf8 32. Rxf8 Kg7 33.
Re8 b6 34. Rfe1 Kf7 35. R1e7+ Kf6 36. Rc7 Bb7 37. Rxa8 Bxa8 38. Rxa7 Ke6 39.
Rxa8 Kd6 40. Rg8 d4 41. Rxg6+ Kd5 42. Kf1 c5 43. Ke2 c4 44. Rg5+ Kc6 45. a4
{Black resigns} 1-0

[Event "Team 45 45 League T53"]
[Site "Internet Chess Club"]
[Date "2012.06.15"]
[Round "5"]
[White "tryanything"]
[Black "oldsj"]
[Result "0-1"]
[WhiteElo "1591"]
[BlackElo "1633"]
[Opening "Sicilian: Grand Prix attack"]
[ECO "B21"]
[Time "17:00:07"]
[TimeControl "2700+45"]

1. e4 c5 2. f4 d6 3. Nc3 Nc6 4. Nf3 Nf6 5. Bc4 e6 6. O-O Be7 7. d4 cxd4 8. Nxd4
O-O 9. Nxc6 bxc6 10. Be3 Qc7 11. Qe2 Nxe4 12. Nxe4 d5 13. Bxd5 cxd5 14. Nf2 Bd7
15. c3 a6 16. a4 Rfc8 17. g3 Bc5 18. Nd3 Bxe3+ 19. Qxe3 f6 20. Rfc1 Qc4 21. a5
Bb5 22. Qxe6+ Kh8 23. Nb4 Qc5+ 24. Kg2 Re8 25. Qxd5 Re2+ 26. Kh3 Qc8+ 27. f5 Re5
{White resigns} 0-1

[Event "Team 45 45 League T53"]
[Site "Internet Chess Club"]
[Date "2012.06.19"]
[Round "5"]
[White "smsxman"]
[Black "PostMike"]
[Result "1-0"]
[WhiteElo "1517"]
[BlackElo "1464"]
[Opening "Sicilian: closed"]
[ECO "B23"]
[Time "14:32:47"]
[TimeControl "2700+45"]

1. e4 c5 2. Nc3 d6 3. Nf3 a6 4. a3 g6 5. b4 b6 6. Rb1 Bg7 7. Bb2 e5 8. Bc4 Ne7
9. Ng5 O-O 10. Nxf7 Rxf7 11. Bxf7+ Kxf7 12. Qf3+ Kg8 13. O-O Nbc6 14. bxc5 Nd4
15. Qd1 dxc5 16. Ne2 b5 17. Nxd4 exd4 18. Qf3 Bb7 19. c3 Nf5 20. cxd4 Nxd4 21.
Bxd4 Qxd4 22. d3 b4 23. axb4 cxb4 24. Rfc1 Qb6 25. Qd1 Bc3 26. Rxc3 a5 27. Qb3+
Kg7 28. Rcc1 Bc8 29. Qd5 Rb8 30. Qe5+ Kh6 31. d4 a4 32. Qf4+ g5 33. Qd2 b3 34.
Rc5 Qd8 35. h4 {Black resigns} 1-0